 Dungeon Crawl Stone Soup version 0.24-a0-619-gb7544fd (webtiles) character file.

Game seed: 9526626627445530252, levelgen mode: deterministic

2408 demonslayer43 the Cleaver (level 9, -4/111 HPs)
             Began as a Minotaur Berserker on Sept 18, 2019.
             Was an Elder of Trog.
             Slain by a wolf (7 damage)
             ... led by Grum
             ... on level 8 of the Dungeon.
             The game lasted 00:31:55 (8023 turns).

demonslayer43 the Cleaver (Minotaur Berserker)      Turns: 8023, Time: 00:31:58

Health: -4/111     AC: 10    Str: 27      XL:     9   Next: 23%
Magic:  8/8        EV:  9    Int:  9      God:    Trog [****..]
Gold:   264        SH:  0    Dex:  8 (11) Spells: 8/8 levels left

rFire    x . .     SeeInvis .   u - +2 rapier (vamp)
rCold    + . .     Gourm    .   (no shield)
rNeg     . . .     Faith    .   f - +0 chain mail
rPois    .         Spirit   .   (helmet restricted)
rElec    .         Reflect  .   (no cloak)
rCorr    .         Harm     .   l - +0 pair of gloves
MR       .....                  (no boots)
Stlth    ..........             (no amulet)
HPRegen  0.28/turn              v - +3 ring of intelligence
MPRegen  0.11/turn              q - ring of ice

@: berserking (expiring), starving, very quick
A: retaliatory headbutt, horns 2
a: Berserk, Trog's Hand, Brothers in Arms, Renounce Religion


You were on level 8 of the Dungeon.
You worshipped Trog.
Trog was greatly pleased with you.
You were starving.

You visited 1 branch of the dungeon, and saw 8 of its levels.

You collected 434 gold pieces.
You spent 170 gold pieces at shops.

Inventory:

Hand Weapons
 a - a +1 hand axe
 c - a +0 flail
 h - a +1 dagger of freezing
 k - a +0 hunting sling
 n - a +0 short sword of speed
 u - a +2 vampiric rapier (weapon)
 w - a +0 shortbow
Missiles
 x - 94 arrows (quivered)
Armour
 b - a +0 animal skin
 e - a +1 leather armour
 f - a +0 chain mail (worn)
 l - a +0 pair of gloves (worn)
Jewellery
 q - a ring of ice (right hand)
 v - a +3 ring of intelligence (left hand)
Wands
 m - a wand of iceblast (5)
 E - a wand of enslavement (12)
Scrolls
 g - 4 scrolls of teleportation {unknown}
 j - 8 scrolls of identify
 t - 4 scrolls of remove curse
 y - a scroll of holy word {unknown}
 z - a scroll of brand weapon {unknown}
 A - a scroll of magic mapping {unknown}
 C - a scroll of enchant weapon
Potions
 d - 3 potions of brilliance
 o - 2 potions of mutation {unknown}
 p - a potion of heal wounds {unknown}
 r - 2 potions of magic {unknown}
 s - a potion of haste {unknown}
 B - a potion of lignification {unknown}
 D - a potion of curing
Comestibles
 i - 4 rations


   Skills:
 + Level 5.0 Fighting
 + Level 2.5 Short Blades
 - Level 13.5 Axes
 + Level 4.0 Armour
 - Level 2.3 Dodging


You had 8 spell levels left.
You didn't know any spells.
Your spell library was empty.

Dungeon Overview and Level Annotations

Branches:
Dungeon (8/15)             Temple (0/1) D:7
   Lair: D:8-11

Altars:
Hepliaklqana
Nemelex Xobeh
Sif Muna

Shops:
D:4 *   D:6 ?

Annotations:
D:8 Grum


Innate Abilities, Weirdness & Mutations

You reflexively headbutt those who attack you in melee.
You have a pair of horns on your head.


Message History

Grum freezes you.
* * * LOW HITPOINT WARNING * * *
You miss the wolf. Your headbutt misses the wolf.
The wolf is almost dead.
The wolf barely misses you. The wolf bites you.
* * * LOW HITPOINT WARNING * * *
The wolf bites you!
* * * LOW HITPOINT WARNING * * *
Grum barely misses you.
You miss the wolf.
The wolf is severely wounded.
The wolf bites you but does no damage. x2
You miss the wolf. Your headbutt misses the wolf.
The wolf is severely wounded.
The wolf bites you.
* * * LOW HITPOINT WARNING * * *
The wolf bites you.
* * * LOW HITPOINT WARNING * * *
Grum closely misses you. The wolf bites you!
You die...

####
#..###
#....#
#....#
#....#
#....#
#...)#
#h@.<#
#h...#
#.g..#
#....#
#.$..#
#....#
#....#
#....#


You could see Grum and 2 wolves.

Vanquished Creatures
  Grinder (D:4)
  A hippogriff (D:7)
  Menkaure (D:5)
  2 sky beasts
  A wolf (D:8)
  A phantom (D:6)
  3 ogres
  3 centaurs (D:5)
  3 bullfrogs
  A scorpion (D:5)
  A howler monkey (D:6)
  5 crimson imps
  A quasit (D:7)
  A jelly (D:6)
  4 orc priests
  A hound (D:5)
  An iguana (D:5)
  2 orc wizards
  3 worker ants
  9 adders
  4 gnolls (D:6)
  A shadow imp (D:6)
  An ooze (D:3)
  An adder zombie (D:6)
  2 worms
  A dart slug (D:3)
  4 leopard geckos
  22 orcs
  9 bats
  3 giant cockroaches
  21 goblins
  12 hobgoblins
  8 jackals
  2 quokkas
  3 frilled lizards
  9 kobolds
  A leopard gecko skeleton (D:5)
  A quokka skeleton (D:4)
  5 rats
155 creatures vanquished.

Notes
Turn   | Place    | Note
-------+----------+-------------------------------------------
     0 | D:1      | demonslayer43 the Minotaur Berserker began the quest for
                  | the Orb.
     0 | D:1      | Reached XP level 1. HP: 19/19 MP: 0/0
   169 | D:1      | Reached XP level 2. HP: 21/27 MP: 1/1
   263 | D:1      | Reached skill level 4 in Axes
   892 | D:1      | Reached XP level 3. HP: 33/33 MP: 2/2
  1465 | D:2      | Reached skill level 5 in Axes
  1777 | D:2      | Found a hazy altar of Hepliaklqana.
  1820 | D:2      | Reached ** piety under Trog
  1861 | D:2      | Reached XP level 4. HP: 31/40 MP: 3/3
  2591 | D:3      | Reached skill level 6 in Axes
  2593 | D:3      | Reached XP level 5. HP: 46/46 MP: 4/4
  2604 | D:3      | Reached skill level 7 in Axes
  3580 | D:4      | Noticed Grinder
  3608 | D:4      | Paralysed by Grinder for 6 turns
  3626 | D:4      | Killed Grinder
  3626 | D:4      | Reached skill level 8 in Axes
  3626 | D:4      | Reached XP level 6. HP: 14/52 MP: 5/5
  3853 | D:4      | Found a sparkling altar of Nemelex Xobeh.
  3883 | D:4      | Reached skill level 9 in Axes
  3977 | D:4      | Reached XP level 7. HP: 41/59 MP: 6/6
  3989 | D:4      | Reached *** piety under Trog
  4079 | D:4      | Found Masum's General Store.
  4082 | D:4      | Bought a scroll of remove curse for 30 gold pieces
  4082 | D:4      | Bought a ration for 50 gold pieces
  4212 | D:4      | Reached skill level 10 in Axes
  4756 | D:5      | Entered Level 5 of the Dungeon
  4758 | D:5      | Noticed Menkaure
  4773 | D:5      | Killed Menkaure
  5019 | D:5      | Identified the +1 robe "Ylurgh" {rN++ MP+9 Dex-5}
  5058 | D:5      | Reached skill level 11 in Axes
  5060 | D:5      | Reached XP level 8. HP: 53/66 MP: 7/7
  5417 | D:5      | Reached skill level 12 in Axes
  6034 | D:6      | Found Mimaupre's Magic Scroll Emporium.
  6040 | D:6      | Bought a scroll of enchant weapon for 90 gold pieces
  6116 | D:6      | Reached **** piety under Trog
  6116 | D:6      | Received a gift from Trog
  6187 | D:6      | Reached skill level 13 in Axes
  6585 | D:6      | Reached XP level 9. HP: 26/71 MP: 8/8
  7069 | D:7      | Reached skill level 1 in Short Blades
  7485 | D:7      | Found a shimmering blue altar of Sif Muna.
  7703 | D:7      | Found a staircase to the Ecumenical Temple.
  8005 | D:8      | Noticed Grum
  8014 | D:8      | Reached skill level 5 in Fighting
  8023 | D:8      | HP: 5/111 [wolf[Grum] (6)]
  8023 | D:8      | Slain by a wolf

Levels and vault maps discovered:
D:1:      minmay_arrival_plants_in_alcoves, layout_loops_corners
D:2:      layout_rooms, lemuel_crystal_altar
D:3:      layout_loops_ring, first_ration
D:4:      cheibrodos_greedy_goblins, layout_loops_corners,
          nemelex_xobeh_ov_fountains_minmay, serial_shops,
          nicolae_shop_behind_doors, hangedman_decor_clover_reticule,
          minivault_4, st_stairs_1, uniq_grinder
D:5:      layout_basic, uniq_menkaure
D:6:      layout_rooms, serial_shops, shop
D:7:      layout_gridville, kennysheep_mini_moat,
          minmay_temple_entry_enclosed_plants
D:8:      corexii_shack_village, layout_gridville, minitemple, hangedman_ranch
          [blue_anna_fruit_fields], uniq_harold, uniq_grum

Skill      XL: |  1  2  3  4  5  6  7  8  9 |
---------------+----------------------------+-----
Axes           | 4 5 6 8 9 11 13 | 13.5
Fighting       | 4 5 |  5.0
Short Blades   | 2 |  2.5
Armour         | 4 |  4.0
Dodging        | |  2.3

Action                   |  1- 3 |  4- 6 |  7- 9 || total
-------------------------+-------+-------+-------++-------
Melee: Hand axe          |    83 |    90 |   214 ||   387
       Headbutt          |    20 |    15 |    44 ||    79
       Rapier            |       |       |    76 ||    76
Invok: Berserk           |     1 |     2 |     3 ||     6
  Use: Scroll            |       |     7 |       ||     7
       Potion            |       |     1 |       ||     1
  Eat: Chunk             |     2 |     1 |     9 ||    12
       Ration            |     1 |     2 |     1 ||     4
Armor: Animal skin       |     3 |       |       ||     3
       Leather armour    |    26 |    11 |       ||    37
       Chain mail        |       |    29 |   159 ||   188
Dodge: Dodged            |    63 |    61 |   130 ||   254

Table legend:
 A = Non-vault XP
 B = Vault XP
 C = Vault XP percentage of total XP
 D = Non-vault monster count
 E = Vault monster count
 F = Vault count percentage of total count
                 A         B        C        D         E       F
            +---------+---------+-------+---------+---------+-------
      Total |    2846 |     594 |  17.3 |     138 |      17 |  11.0
            +---------+---------+-------+---------+---------+-------
        D:1 |      55 |       0 |   0.0 |      29 |       0 |   0.0
        D:2 |      60 |       0 |   0.0 |      15 |       0 |   0.0
        D:3 |     176 |       0 |   0.0 |      28 |       0 |   0.0
        D:4 |     452 |     299 |  39.8 |      18 |      15 |  45.5
        D:5 |     723 |     169 |  18.9 |      15 |       1 |   6.2
        D:6 |     872 |       0 |   0.0 |      21 |       0 |   0.0
        D:7 |     508 |       0 |   0.0 |      12 |       0 |   0.0
        D:8 |       0 |     126 | 100.0 |       0 |       1 | 100.0
            +---------+---------+-------+---------+---------+-------
